 Dungeon Crawl Stone Soup version 0.20.0-15-g7f486f2 (webtiles) character file.

127 RaHiT the Ruffian (level 5, -1/44 (45) HPs)
             Began as a Ghoul Gladiator on June 20, 2017.
             Slain by Crazy Yiuf
             ... wielding a +3 quarterstaff of chaos
              (6 damage)
             ... while paralysed by Crazy Yiuf
             ... on level 3 of the Dungeon.
             The game lasted 00:07:59 (1773 turns).

RaHiT the Ruffian (Ghoul Gladiator)                 Turns: 1773, Time: 00:08:00

HP:   -1/44 (45)    AC:  4    Str: 19    XL:     5   Next: 11%
MP:   4/4           EV:  2    Int:  3    God:
Gold: 96            SH:  0    Dex: 10    Spells: 4/4 levels left

rFire    . . .     SeeInvis .     - Unarmed
rCold    + . .     Gourm    .   (no shield)
rNeg     + + +     Faith    .   a - +0 leather armour
rPois    ∞         Spirit   .   b - +0 helmet
rElec    .         Reflect  .   (no cloak)
rCorr    .         Harm     .   (no gloves)
MR       .....                  (no boots)
Stlth    +.........             (no amulet)
Regen    0.0/turn               (no ring)
MPRegen  0.1/turn               (no ring)

@: paralysed, rotting
A: rotting body, claws 1, carnivore 3, cold resistance 1, negative energy
resistance 3, inhibited regeneration, torment resistance, unbreathing
a: no special abilities


You were on level 3 of the Dungeon.
You were not hungry.

You visited 1 branch of the dungeon, and saw 3 of its levels.

You collected 96 gold pieces.

Inventory:

Missiles
 c - 3 throwing nets (quivered)
Armour
 a - a +0 leather armour (worn)
 b - a +0 helmet (worn)
Scrolls
 g - a scroll of enchant armour {unknown}
 h - 2 scrolls of fear {unknown}
 j - 2 scrolls of immolation {unknown}
 k - 2 scrolls of fog {unknown}
 m - a scroll of noise {unknown}
 o - a scroll of random uselessness {unknown}
 p - a scroll of teleportation {unknown}
Potions
 e - 2 potions of agility {unknown}
 f - a potion of berserk rage {unknown}
 i - 2 potions of haste {unknown}
 n - a potion of heal wounds {unknown}
Comestibles
 d - a meat ration
 l - 2 chunks of flesh


   Skills:
 + Level 3.5 Fighting
 - Level 1.7 Throwing
 + Level 1.0 Armour
 - Level 3.0 Dodging
 * Level 4.8 Unarmed Combat


You had 4 spell levels left.
You didn't know any spells.

Dungeon Overview and Level Annotations

Branches:
Dungeon (3/15)

Altars:

Annotations:
D:3 Crazy Yiuf


Innate Abilities, Weirdness & Mutations

Your body is rotting away.
You thrive on raw meat.
You are immune to poison.
You have sharp fingernails.
You are carnivorous and can eat meat at any time.
Your flesh is cold resistant. (rC+)
You are immune to negative energy. (rN+++)
You do not regenerate when monsters are visible.
You are immune to unholy pain and torment.
You can survive without breathing.


Message History

Found a mace.
Crazy Yiuf cries, "You leg down broken song, no?"
There is an open door here.
You claw Crazy Yiuf!
Crazy Yiuf is heavily wounded.
Crazy Yiuf closely misses you.
You barely miss Crazy Yiuf.
Crazy Yiuf is heavily wounded.
You closely miss Crazy Yiuf.
Crazy Yiuf is heavily wounded.
Crazy Yiuf hits you with a quarterstaff of chaos!
You suddenly lose the ability to move!
Crazy Yiuf hits you with a quarterstaff of chaos!
Crazy Yiuf freezes you.
* * * LOW HITPOINT WARNING * * *
Crazy Yiuf barely misses you.
Crazy Yiuf hits you with a quarterstaff of chaos!
* * * LOW HITPOINT WARNING * * *
Crazy Yiuf hits you with a quarterstaff of chaos.
You die...

#.# #.# #.# #.#
#.# #.# #.# #.#
#.# #.## ### ###
#..# ##.###♣♣♣♣♣
#.##...♣.♣♣♣ ####
#.......♣..♣#...#
#....P.♣♣♣♣.@g..#
##.#..♣♣ ♣♣#..)#
####♣♣ ####


You could see Crazy Yiuf.

Vanquished Creatures
  Robin (D:2)
  2 adders (D:3)
  An ooze (D:2)
  A worm (D:2)
  3 dart slugs
  3 leopard geckos
  3 ball pythons
  3 giant cockroaches
  17 goblins
  7 hobgoblins
  3 jackals (D:2)
  8 kobolds
  A quokka (D:2)
  8 bats
  10 frilled lizards
  8 rats
79 creatures vanquished.

Notes
Turn   | Place    | Note
-------+----------+-------------------------------------------
     0 | D:1      | RaHiT the Ghoul Gladiator began the quest for the Orb.
     0 | D:1      | Reached XP level 1. HP: 17/17 MP: 0/0
   119 | D:1      | Reached XP level 2. HP: 10/25 MP: 1/1
   463 | D:1      | Reached XP level 3. HP: 24/30 MP: 2/2
   490 | D:1      | Reached skill level 4 in Unarmed Combat
   994 | D:2      | Reached XP level 4. HP: 38/38 MP: 3/3
  1026 | D:2      | Noticed Robin
  1068 | D:2      | Killed Robin
  1530 | D:3      | Reached skill level 1 in Armour
  1534 | D:3      | Reached XP level 5. HP: 43/45 MP: 4/4
  1761 | D:3      | Found a runed door.
  1765 | D:3      | Noticed Crazy Yiuf
  1769 | D:3      | Paralysed by Crazy Yiuf for 4 turns
  1773 | D:3      | Slain by Crazy Yiuf

Skill      XL: |  1  2  3  4 |
---------------+-------------+-----
Unarmed Combat | 4 |  4.8
Dodging        | 3 |  3.0
Fighting       | 3 |  3.5
Armour         | 1 |  1.0
Throwing       | |  1.7

Action                   |  1- 3 |  4- 6 || total
-------------------------+-------+-------++-------
Melee: Unarmed           |   146 |    78 ||   224
       Punch             |     4 |       ||     4
  Eat: Chunk             |    28 |    28 ||    56
Armor: Leather armour    |    35 |    13 ||    48
Dodge: Dodged            |    66 |    39 ||   105
